tidal

Match 15766708
End
Scout Squad
Construct Barracks
Selects Advanced Infantry Battlegroup
1⁄4-ton 4x4 Truck
Riflemen Squad
M1 Mortar Team
Construct Medical Station
Selects Convert to Ranger Squad
Infantry Support Center
Riflemen Squad
Construct Motor Pool
Convert to Ranger Squad
M24 Chaffee Light Tank
Engineer Squad
Selects Designate Assault Position
Advanced Logistics
M8 Greyhound Armored Car
Convert to Ranger Squad
Selects Ranger Weapon Training
M24 Chaffee Light Tank
M24 Chaffee Light Tank
AI Takeover
Charlotte
Orangepest
0
0

Comments sign in to comment!

LeadCuresCancer over 1 year ago

Pretty boring game. Just spamming the new commander infantry.